 Seeded DCSS version 0.29-a0-356-g7bc237e783 (webtiles) character file.

Game seed: 13387057801375688922 (custom seed)

462 zeratav the Changer (level 7, -23/43 HPs)
             Began as an Octopode Transmuter on Apr 26, 2022.
             Annihilated by an ogre
             ... wielding a +0 giant spiked club
              (37 damage)
             ... on level 4 of the Dungeon.
             The game lasted 00:05:42 (4116 turns).

zeratav the Changer (Octopode Transmuter)           Turns: 4116, Time: 00:05:42

Health: -23/43     AC:  1    Str:  9    XL:     7   Next: 7%
Magic:  10/10      EV: 11    Int: 18    God:
Gold:   165        SH: 10    Dex: 12    Spells: 9/10 levels left

rFire   + + .      SeeInvis .   k - +4 club (spect) {mace}
rCold   + + .      Faith    .   d - +2 shield of Resistance {rF++ rC++ Will++}
rNeg    . . .      Spirit   .   (helmet currently unavailable)
rPois   .          Reflect  .   (no amulet)
rElec   .          Harm     .   (no ring)
rCorr   .          Rampage  .   (no ring)
Will    ++...                   (no ring)
Stlth   ++........              (no ring)
HPRegen 0.14/turn               (no ring)
MPRegen 0.12/turn               (no ring)
                                (no ring)
                                (no ring)

@: appendages
A: tentacle spike 3, almost no armour, amphibious, 8 rings, camouflage 1,
gelatinous body 1, (nimble swimmer 1), tentacles
a: End Transformation


You were on level 4 of the Dungeon.
One of your tentacles had grown a beastly spike.
You visited 1 branch of the dungeon, and saw 4 of its levels.

You collected 165 gold pieces.


Innate Abilities, Weirdness & Mutations

One of your tentacles has grown a beastly spike.
You cannot wear most types of armour.
You are amphibious.
You can wear up to eight rings at the same time.
Your skin changes colour to match your surroundings (Stealth+).
Your rubbery body absorbs attacks. (AC +1, EV +1)
((You are camouflaged when in or above water. (Stealth+)))
You have tentacles for arms and can constrict up to eight enemies at once.


   Skills:
 - Level 1.0 Fighting
 - Level 2.0 Dodging
 - Level 4.1 Shields
 - Level 3.0 Unarmed Combat
 - Level 2.0 Spellcasting
 + Level 5.9 Transmutations


You had 9 spell levels left.
You knew the following spells:

 Your Spells              Type           Power      Damage    Failure   Level
a - Beastly Appendage     Tmut           46%        N/A       4%          1

Your spell library contained the following spells:

 Spells                   Type           Power      Damage    Failure   Level
 Wereblood                Tmut           23%        N/A       7%          2
 Passwall                 Tmut/Erth      10%        N/A       24%         2
 Spider Form              Tmut/Pois      12%        N/A       43%         3
 Sandblast                Erth           2%         2d4       47%         1
 Sublimation of Blood     Necr           1%         N/A       63%         2
 Stone Arrow              Conj/Erth      2%         3d7       85%         3
 Ice Form                 Ice/Tmut       12%        N/A       85%         4
 Summon Hydra             Summ           0%         N/A       100%        7

Inventory:

Hand Weapons
 k - a +4 spectral club (weapon) {mace}
   (You took it off Jessica on level 2 of the Dungeon)
Armour
 d - the +2 shield of Resistance (worn) {rF++ rC++ Will++}
   (You acquired it on level 1 of the Dungeon)

   rF:        It greatly protects you from fire.
   rC:        It greatly protects you from cold.
   Will:      It greatly increases your willpower.
Jewellery
 m - an amulet of faith {!P}
   (You found it on level 2 of the Dungeon)
Scrolls
 b - 2 scrolls of teleportation {unknown}
 e - a scroll of enchant weapon {unknown}
 h - 2 scrolls of enchant armour {unknown}
 i - a scroll of vulnerability {unknown}
 n - a scroll of fear {unknown}
 r - a scroll of acquirement
Potions
 a - 3 potions of lignification {!q}
 c - 8 potions of curing {unknown}
 f - a potion of heal wounds {unknown}
 g - 3 potions of attraction {unknown}
 j - a potion of berserk rage {unknown}
 l - a potion of cancellation {unknown}
 o - a potion of mutation {unknown}
 p - a potion of ambrosia {unknown}
 q - a potion of resistance {unknown}

Dungeon Overview and Level Annotations

Branches:
Dungeon (4/15)
 Temple: D:4-7

Altars:
Fedhas
Xom

Annotations:
D:2 1 runed translucent door, Crazy Yiuf, Terence

#..#.#...##†##.
#.[._......#...
#..#.#####...##
########....# ######
#...?.......# #
#...........# #
#...........# #
###...(.......##########
......O@...# #.......##
......o....# #.......##
...........# #.......##
...........# #...†...##
...........####.........
.........)..............
...#######.####.........
... #.# #......... #.#
#####'#...


You could see an ogre, an orc and a friendly +4 spectral club {mace} (summoned).


Message History

The ball python constricts you. The orc barely misses you.
HP[-2]
You take 2 damage, and now have 36/38 hp.
You closely miss the ball python. You grab the ball python.
Your +4 spectral club {mace} hits the ball python.
You kill the ball python!
You block the orc's attack.
You hit the orc. You grab the orc.
Your +4 spectral club {mace} hits the orc.
You kill the orc!
You have reached level 7!
HP[+5] MP[+2]
You now have 43 max hp (+5).
You regained 5 hp, and now have 41/43 hp.
Your mp is fully restored (10).
A jelly is nearby!
Unknown command.
The jelly quivers.
You extend your transformation's duration.
HP[+1] MP[-1]
You lost 1 mp, and now have 9/10 mp.
The jelly hits you.
You are splashed with acid!
You see here a +0 flail {mace}.
HP[-11]
You take 11 damage, and now have 31/43 hp.
MASSIVE DAMAGE!! (PAUSE)
You are too injured to fight recklessly!
You are too injured to fight recklessly!
You are too injured to fight recklessly!
You are too injured to fight recklessly!
You are too injured to fight recklessly!
You are too injured to fight recklessly!
You are too injured to fight recklessly!
You are too injured to fight recklessly!
You are too injured to fight recklessly!
You are too injured to fight recklessly!
You hit the jelly.
Your tentacles burn!
You pierce the jelly.
You squeeze the jelly.
Your +4 spectral club {mace} hits the jelly!
You kill the jelly!
HP[-4]
You take 4 damage, and now have 27/43 hp.
An ogre comes into view. It is wielding a +0 giant spiked club.
The ogre shouts!
You see here a +0 flail {mace}.
HP[+1] MP[+1]
Your mp is fully restored (10).
HP[+1]
There is a stone staircase leading up here.
You start resting.
Your transformation is almost over.
Your tentacle spike disappears.
HP[+14]
Your hp is fully restored (43).
A ball python comes into view.
A ball python is nearby!
One of your tentacles grows a vicious spike.
The ball python hisses angrily.
MP[-1]
You lost 1 mp, and now have 9/10 mp.
You block the ball python's attack. The ball python closely misses you.
The ball python bites you. You block the ball python's attack.
HP[-1]
You take 1 damage, and now have 42/43 hp.
You closely miss the ball python. You grab the ball python.
You pierce the ball python.
You kill the ball python!
No target in view!
No target in view!
No target in view!
No target in view!
No target in view!
No target in view!
No target in view!
No target in view!
No target in view!
No target in view!
An orc comes into view. It is wielding a +0 short sword.
You see here 2 viscous green potions.
HP[+1] MP[+1]
Your hp is fully restored (43).
Your mp is fully restored (10).
Unknown command.
g - 3 viscous green potions (gained 2)
You extend your transformation's duration.
MP[-1]
You lost 1 mp, and now have 9/10 mp.
You hit the ogre but do no damage.
Your +4 spectral club {mace} barely misses the ogre.
The ogre hits you with a +0 giant spiked club!!
Ouch! That really hurt!
* * * LOW HITPOINT WARNING * * *
You block the orc's attack.
HP[-29]
You take 29 damage, and now have 14/43 hp.
MASSIVE DAMAGE!! (PAUSE)
You closely miss the ogre.
You pierce the ogre.
You squeeze the ogre!
Your +4 spectral club {mace} hits the ogre.
The ogre hits you with a +0 giant spiked club!!!
Ouch! That really hurt!
You die...

Skill      XL: |  1  2  3  4  5  6 |
---------------+-------------------+-----
Transmutations | 3 4 5 |  5.9
Shields        | 1 2 3 4 |  4.1
Fighting       | |  1.0
Dodging        | |  2.0
Unarmed Combat | |  3.0
Spellcasting   | |  2.0

Action                   |  1- 3 |  4- 6 |  7- 9 || total
-------------------------+-------+-------+-------++-------
Melee: Unarmed           |    42 |       |       ||    42
       Tentacles         |     7 |    21 |     2 ||    30
       Kick              |    12 |    20 |     3 ||    35
       Constrict         |     9 |    24 |     1 ||    34
       Punch             |     3 |     2 |       ||     5
       Club              |     3 |    91 |     4 ||    98
 Cast: Beastly Appendage |    16 |    24 |     3 ||    43
  Use: Scroll            |     1 |       |       ||     1
 Stab: Sleeping          |     6 |     5 |       ||    11
Armor: Skin              |     1 |     3 |       ||     4
Dodge: Dodged            |    20 |    37 |     1 ||    58
Block: Kite shield       |       |    15 |     3 ||    18

Levels and vault maps discovered:
D:1:      saegor_arrival_fortress, layout_rooms,
          shapermc_ecumenical_altar_acropolis, hangedman_decor_riveting
D:2:      layout_loops_corners, serial_rivers, chequers_serial_rivers_micro_a,
          chequers_serial_rivers_room_b, chequers_serial_rivers_large_b,
          chequers_serial_rivers_micro_b, minmay_randomly_rotated_circles,
          uniq_crazy_yiuf_cottage, uniq_terence, uniq_jessica
D:3:      layout_loops_cross, nicolae_overflow_hidden_temple
D:4:      layout_basic, lemuel_crystal_altar, mainiacjoe_overflow_alcove_2,
          minmay_distorted

Notes
Turn   | Place    | Note
-------+----------+-------------------------------------------
     0 | D:1      | zeratav the Octopode Transmuter began the quest for the
                  | Orb.
     0 | D:1      | Reached XP level 1. HP: 13/13 MP: 3/3
     0 | D:1      | magus.rc [v1.9.6]
   113 | D:1      | Reached XP level 2. HP: 13/18 MP: 3/5
   251 | D:1      | Found a faded altar of an unknown god.
   378 | D:1      | Identified a scroll of acquirement
   378 | D:1      | Acquired the +2 shield of Resistance {rF++ rC++ Will++}
   378 | D:1      | Found the +2 shield of Resistance {rF++ rC++ Will++}
   404 | D:1      | HP: 4/18 [kobold/+0 club (3)]
   710 | D:1      | You pick up a book of Blood and begin reading...
   710 | D:1      | You add the spells Sublimation of Blood and Summon Hydra to
                  | your library.
   797 | D:1      | Reached skill level 3 in Transmutations
   907 | D:1      | You pick up a book of Geomancy and begin reading...
   907 | D:1      | You add the spells Sandblast, Passwall and Stone Arrow to
                  | your library.
  1182 | D:2      | Noticed Terence
  1268 | D:2      | Reached skill level 1 in Shields
  1268 | D:2      | Reached XP level 3. HP: 22/23 MP: 4/6
  1370 | D:2      | Noticed Jessica
  1375 | D:2      | Killed Jessica
  1816 | D:2      | Reached XP level 4. HP: 28/28 MP: 5/7
  1853 | D:2      | Reached skill level 2 in Shields
  2448 | D:2      | Found a runed translucent door.
  2449 | D:2      | Noticed Crazy Yiuf
  2631 | D:2      | Reached skill level 4 in Transmutations
  2686 | D:3      | Reached XP level 5. HP: 30/33 MP: 8/8
  2963 | D:3      | Reached skill level 3 in Shields
  3366 | D:4      | Reached XP level 6. HP: 38/38 MP: 9/9
  3381 | D:4      | Found a shimmering altar of Xom.
  3384 | D:4      | Reached skill level 5 in Transmutations
  3419 | D:4      | Reached skill level 4 in Shields
  3924 | D:4      | Found a blossoming altar of Fedhas.
  3966 | D:4      | Reached XP level 7. HP: 41/43 MP: 10/10
  4116 | D:4      | Annihilated by an ogre

Vanquished Creatures
  A phantom (D:4)
  A bullfrog (D:4)
  2 jellies
  Jessica (D:2)
  3 iguanas (D:4)
  8 adders
  2 worms (D:2)
  A dart slug (D:3)
  6 orcs
  11 ball pythons
  4 bats
  8 endoplasms
  6 giant cockroaches
  5 goblins
  8 hobgoblins
  5 quokkas
  4 frilled lizards (D:1)
  2 kobolds (D:1)
  6 rats
84 creatures vanquished.

Table legend:
 A = Non-vault XP
 B = Vault XP
 C = Vault XP percentage of total XP
 D = Non-vault monster count
 E = Vault monster count
 F = Vault count percentage of total count
                 A         B        C        D         E       F
            +---------+---------+-------+---------+---------+-------
      Total |     577 |      84 |  12.7 |      74 |      10 |  11.9
            +---------+---------+-------+---------+---------+-------
        D:1 |      29 |       0 |   0.0 |      20 |       0 |   0.0
        D:2 |      79 |      46 |  36.8 |      21 |       7 |  25.0
        D:3 |     131 |       0 |   0.0 |      19 |       0 |   0.0
        D:4 |     338 |      38 |  10.1 |      14 |       3 |  17.6
            +---------+---------+-------+---------+---------+-------

Illustrated notes

Table legend:
 A = Kills in this place as a percentage of kills in entire the game.
 B = Kills by you in this place as a percentage of kills by you in the entire game.
 C = Kills by friends in this place as a percentage of kills by friends in the entire game.
 D = Other kills in this place as a percentage of other kills in the entire game.
 E = Experience gained in this place as a percentage of experience gained in the entire game.
 F = Experience gained in this place divided by the number of levels of this place that you have seen.
                   A       B       C       D       E      F
               +-------+-------+-------+-------+-------+----------------------
         Total | 100.0 | 100.0 |   N/A |   N/A | 100.0 | 165.2
       Dungeon | 100.0 | 100.0 |   N/A |   N/A | 100.0 | 165.2
               +-------+-------+-------+-------+-------+----------------------

Table legend: (Time is in decaauts)
 A = Elapsed time spent in this place.
 B = Non-inter-level travel time spent in this place.
 C = Inter-level travel time spent in this place.
 D = Time resting spent in this place.
 E = Time spent auto-exploring this place.
 F = Levels seen in this place.
 G = Mean time per level.
                   A        B        C        D        E       F      G
               +--------+--------+--------+--------+--------+-----+--------+
         Total |   4151 |   4076 |     75 |    922 |   2536 |   4 | 1037.8 |
       Dungeon |   4151 |   4076 |     75 |    922 |   2536 |   4 | 1037.8 |
               +--------+--------+--------+--------+--------+-----+--------+

Top non-repeatable levels by time:
     D:2: 1563 daAuts
     D:1: 1128 daAuts
     D:4: 780 daAuts
     D:3: 679 daAuts
